 Dungeon Crawl Stone Soup version 0.20.1-1-g8b1a95d (webtiles) character file.

49 fbarbosa the Skirmisher (level 3, -2/33 HPs)
             Began as a Draconian Berserker on June 23, 2017.
             Was a Believer of Trog.
             Killed by divine providence
             ... invoked by an orc priest
              (18 damage)
             ... on level 3 of the Dungeon on July 19, 2017.
             The game lasted 00:13:28 (1884 turns).

fbarbosa the Skirmisher (Draconian Berserker)       Turns: 1884, Time: 00:13:29

Health: -2/33      AC:  5    Str: 19    XL:     3   Next: 51%
Magic:  3/3        EV: 17    Int:  7    God:    Trog [**....]
Gold:   86         SH:  0    Dex: 11    Spells: 2/2 levels left

rFire    . . .     SeeInvis .   a - +0 falchion
rCold    . . .     Gourm    .   (no shield)
rNeg     . . .     Faith    .   (armour unavailable)
rPois    .         Spirit   .   (helmet restricted)
rElec    .         Reflect  .   (no cloak)
rCorr    .         Harm     +   (no gloves)
MR       .....                  (no boots)
Stlth    +.........             p - amulet of harm
Regen    0.2/turn               t - +5 ring of evasion
MPRegen  0.1/turn               (no ring)

@: heavily drained
A: unfitting armour, cold-blooded, AC +5
a: Berserk, Trog's Hand, Burn Spellbooks, Renounce Religion


You were on level 3 of the Dungeon.
You worshipped Trog.
Trog was pleased with you.
You were near starving.

You visited 1 branch of the dungeon, and saw 3 of its levels.

You collected 86 gold pieces.

Inventory:

Hand Weapons
 a - a +0 falchion (weapon)
 d - a +0 club
 h - a +0 dagger
 i - a +0 spear {i}
 j - a +1 dagger of distortion
 n - a +0 short sword
 r - a +0 club
Missiles
 m - 17 poisoned needles
 s - 8 needles of sleeping
Jewellery
 p - an amulet of harm (around neck)
 q - an uncursed amulet of harm
 t - a +5 ring of evasion (left hand)
Scrolls
 g - a scroll of enchant weapon {unknown}
 l - a scroll of identify {unknown}
 o - a scroll of recharging {unknown}
Potions
 c - a potion of haste {unknown}
 e - a potion of berserk rage {unknown}
 k - a potion of curing {unknown}
Comestibles
 b - 3 bread rations
 f - a royal jelly


   Skills:
 + Level 3.8(2.2) Fighting
 + Level 3.8(2.2) Long Blades
 + Level 3.1(1.5) Dodging


You had 2 spell levels left.
You didn't know any spells.

Dungeon Overview and Level Annotations

Branches:
Dungeon (3/15)

Altars:
Ashenzari
Fedhas

Annotations:
D:3 Jessica


Innate Abilities, Weirdness & Mutations

Your plain brown scales are hard. (AC +5)
You cannot fit into any form of body armour.
You are cold-blooded and may be slowed by cold attacks.


Message History

The orc priest closely misses you.
You riposte.
You closely miss the orc priest. The orc priest barely misses you.
You hit the orc priest.
The orc priest is moderately wounded.
Jessica mumbles some strange words.
Jessica seems to speed up.
The orc priest hits you but does no damage.
The orc priest barely misses you.
You hear a shout!
You closely miss the orc priest.
The orc priest is moderately wounded.
The orc priest misses you.
The orc priest invokes the aid of Beogh against you.
Pain shoots through your body!
Jessica mumbles some strange words.
Jessica blinks!
The orc priest invokes the aid of Beogh against you.
Beogh smites you!
Ouch! That really hurt!
You die...

#.o# #........# ...
# #........# .o #.
#....#...#
#o##.##.####...#
........####...####
##....§.#..#......#
##..#o..........##
#.###o......####
... #@......# ...
#.......# ..
#.......# #
#.......#
#.##..†...#
#.#.......######
#.........##...#
####........##...#
...........###...#


You could see 2 orc priests.

Vanquished Creatures
  An adder (D:2)
  An ooze (D:2)
  3 leopard geckos
  4 giant cockroaches
  3 goblins
  5 hobgoblins
  2 jackals (D:3)
  4 kobolds
  A ball python (D:2)
  A bat (D:2)
  A frilled lizard (D:2)
  4 rats (D:1)
30 creatures vanquished.

Notes
Turn   | Place    | Note
-------+----------+-------------------------------------------
     0 | D:1      | fbarbosa the Draconian Berserker began the quest for the Orb.
     0 | D:1      | Reached XP level 1. HP: 19/19 MP: 1/1
   268 | D:1      | Reached XP level 2. HP: 26/26 MP: 2/2
   852 | D:1      | Upgraded the game from 0.20.0-15-g7f486f2 to 0.20.1-1-g8b1a95d
  1065 | D:2      | Found a shattered altar of Ashenzari.
  1111 | D:2      | Reached XP level 3. HP: 31/33 MP: 3/3
  1381 | D:2      | Found a blossoming altar of Fedhas.
  1409 | D:2      | Reached ** piety under Trog
  1865 | D:3      | Noticed Jessica
  1884 | D:3      | Killed from afar by an orc priest

Skill      XL: |  1  2 |
---------------+-------+-----
Dodging        | 3 |  3.1
Fighting       | |  3.8
Long Blades    | |  3.8

Action                   || total
-------------------------++-------
Melee: Falchion          ||    76
       Tailslap          ||    10
  Eat: Chunk             ||     1
Armor: Skin              ||    19
Dodge: Dodged            ||    54
       Rpst.: Falchion   ||    21
